 Dungeon Crawl Stone Soup version 0.26-a0-660-gc07710193c (webtiles) character file.

Game seed: 7721896445982952170

18333 lessens the Impaler (level 12, -7/89 HPs)
             Began as a Demonspawn Delver on Sept 30, 2020.
             Was a High Priest of Makhleb.
             Hit by a javelin thrown by a minotaur (27 damage)
             ... in a Gauntlet on Oct 5, 2020.
             The game lasted 00:34:51 (18957 turns).

lessens the Impaler (Demonspawn Delver)            Turns: 18957, Time: 00:34:51

Health: -7/89      AC: 12    Str: 25    XL:     12   Next: 26%
Magic:  19/19      EV: 11    Int: 13    God:    Makhleb [*****.]
Gold:   780        SH:  5    Dex: 13    Spells: 11/11 levels left

rFire    + + +     SeeInvis +   D - +0 halberd
rCold    . . .     Faith    .   (shield currently unavailable)
rNeg     . . .     Spirit   .   I - +0 ring mail {rF+}
rPois    +         Reflect  +   (helmet unavailable)
rElec    .         Harm     .   S - +0 cloak of the Original Sin {*Drain +Inv Str+9}
rCorr    .         Rampage  .   f - +1 pair of gloves
MR       .....     NoTele   +   (no boots)
Stlth    +++.......             n - amulet of reflection
HPRegen  0.24/turn              i - ring of protection from fire
MPRegen  0.16/turn              R - ring "Fonk" {rPois rF+ Stlth+}

@: very slightly contaminated, studying Dodging
A: antennae 3, icy blue scales 2, clumsy 1, demonic guardian 1, fire resistance
1
a: Minor Destruction, Lesser Servant of Makhleb, Major Destruction, Greater
Servant of Makhleb, Renounce Religion, Evoke Invisibility


You were in a Gauntlet.
You worshipped Makhleb.
Makhleb was extremely pleased with you.
You visited 3 branches of the dungeon, and saw 15 of its levels.
You also visited: Sewer and Gauntlet.

You collected 780 gold pieces.

Inventory:

Hand Weapons
 a - a +0 spear
 j - a +0 trident
 D - a +0 halberd (weapon)
Missiles
 k - 380 stones
 r - 46 poisoned darts
 x - 4 curare-tipped darts (quivered)
 y - 7 atropa-tipped darts
 H - 2 throwing nets
 O - 8 javelins
Armour
 b - a +0 leather armour
 f - a +1 pair of gloves (worn)
 l - a +0 plate armour
 s - the +1 leather armour of the Falcon {Str+2 SInv}
   (You found it on level 6 of the Dungeon)

   It affects your strength (+2).
   It lets you see invisible.
 E - a +0 chain mail
 I - a +0 ring mail of fire resistance (worn)
 M - a +1 cloak of magic resistance
 S - the +0 cloak of the Original Sin (worn) {*Drain +Inv Str+9}
   (You found it in a Gauntlet)

   It affects your strength (+9).
   It lets you turn invisible.
   It causes draining when unequipped.
Jewellery
 i - a ring of protection from fire (left hand)
 n - an amulet of reflection (around neck)
 A - the ring "Fibadduwk" {Wiz *Slow Int+4}
   (You found it on level 6 of the Dungeon)

   [ring of wizardry]

   It improves your spell success rate.
   It affects your intelligence (+4).
   It may slow you when you take damage.
 R - the ring "Fonk" (right hand) {rPois rF+ Stlth+}
   (You found it in a Gauntlet)

   [ring of poison resistance]

   It protects you from fire.
   It protects you from poison.
   It makes you more stealthy.
Wands
 g - a wand of digging (9)
 B - a wand of enslavement (9)
 C - a wand of iceblast (4)
 G - a wand of acid (1)
 K - a wand of flame (16)
 N - a wand of paralysis (7)
Scrolls
 c - 2 scrolls of fog
 d - 3 scrolls of magic mapping
 e - 3 scrolls of teleportation
 o - 5 scrolls of remove curse
 q - 2 scrolls of identify
 v - 2 scrolls of noise {unknown}
 J - 2 scrolls of enchant armour
 L - 5 scrolls of enchant weapon {unknown}
 P - a scroll of acquirement {unknown}
Potions
 h - 4 potions of flight
 m - a potion of resistance
 t - 2 potions of lignification
 u - a potion of might
 w - a potion of brilliance
 z - a potion of haste
 F - a potion of stabbing
 T - a potion of mutation
Books
 Q - a manual of Dodging


   Skills:
 - Level 6.3 Fighting
 * Level 15.2 Polearms
 - Level 4.9 Armour
 - Level 1.7 Dodging
 - Level 4.5 Stealth
 + Level 9.6 Invocations


You had 11 spell levels left.
You didn't know any spells.
Your spell library contained the following spells:

 Spells                   Type           Power        Failure   Level
 Cause Fear               Hex            #.........   99%         4
 Silence                  Hex/Air        #.........   100%        5
 Yara's Violent Unravell  Hex/Tmut       #.........   100%        5
 Invisibility             Hex            #.......     100%        6
 Malign Gateway           Summ/Tloc      #.........   100%        7
 Monstrous Menagerie      Summ           #.........   100%        7
 Summon Greater Demon     Summ           #.........   100%        7
 Summon Hydra             Summ           #.........   100%        7
 Discord                  Hex            #.........   100%        8
 Summon Horrible Things   Summ           #.........   100%        8


Dungeon Overview and Level Annotations

Branches:
Dungeon (11/15)            Temple (1/1) D:5            Lair (3/6) D:10
  Swamp (0/4) Lair:3        Sewer (visited)         Gauntlet (1/1)
  Snake: Lair:2-4    Spider: Lair:2-4       Orc: D:9-12

Altars:
Ashenzari
Cheibriados
Dithmenos
Elyvilon
Fedhas
Gozag
Hepliaklqana
Kikubaaqudgha
Makhleb
Nemelex Xobeh
Okawaru
Qazlal
Ru
Sif Muna
Trog
Uskayaw
Vehumet
Wu Jian
Xom
Yredelemnul
Zin
The Shining One

Shops:
D:5 [   D:10 =

Annotations:
D:11 Sonja Gauntlet 6 transporters, 2 runed translucent doors


Innate Abilities, Weirdness & Mutations

You have a pair of large antennae on your head. (SInv)
You are mostly covered in icy blue scales. (AC +3)
A weak demonic guardian rushes to your aid.
Your flesh is heat resistant. (rF+)
You are clumsy. (Dex -2)


Message History

Throwing (i - inventory. (/) - cycle)
x - 5 curare-tipped darts (quivered)
Press: ? - help, Shift-Dir - straight line, f/p - minotaur
Aim: a minotaur, wielding the +8 glaive of the Guard {elec, +Rage AC+5 SInv}, wearing a +0 plate armour, wearing a cursed -4 ring of dexterity and quivering 15 javelins (lightly wounded)
You throw a curare-tipped dart.
The curare-tipped dart hits the minotaur.
The minotaur is poisoned.
The minotaur convulses.
The minotaur seems to slow down.
The minotaur is moderately wounded.
The minotaur throws a javelin.
The javelin pierces through you!!
* * * LOW HITPOINT WARNING * * *
Okay, then.
You flicker back into view.
Your iron imp hits the minotaur but does no damage.
Press: ? - help, v - describe, . - travel
Here: a minotaur, wielding the +8 glaive of the Guard {elec, +Rage AC+5 SInv}, wearing a +0 plate armour, wearing a cursed -4 ring of dexterity and quivering 14 javelins (moderately wounded, very poisoned, slow)
The floor.
The minotaur hits your iron imp with the +8 glaive of the Guard {elec, +Rage AC+5 SInv}!!
Your iron imp dies!
The minotaur throws a javelin.
The javelin pierces through you!!
You die...

....x..#..##......#.# #
.8.#.#[#...#.8.##.#.# '##
..^.^.x#.∩.#...##...# .⌠.#
########...#.©.##.#.##∩...#
...#.....8.#......#.'.H..⌠+
########...#.©.##.#(##.⌠..#
.s8#8.s#.∩.#...##..H# +###
...8..s#...#.8.##.#(#
8.8.8.:#..##....@.#.#
#8.©.8©#.###.8.##.#.#
8.8.8.=#.≈##...##..(#
ss.8..[#.≈≈#.8. #####
ys8#8..#.≈## ########.##
.........≈# ≈≈≈#≈≈≈#≈≈≈#
#≈###≈###≈##


You could see a minotaur (very poisoned, slow).

Vanquished Creatures
  A hydra (Lair:2)
  2 two-headed ogres
  A wretched star (Gauntlet)
  Pikel (D:3)
  Maurice (D:10)
  An ice statue (Gauntlet)
  2 black mambas (Lair:1)
  12 elephants (Lair:2)
  A cane toad (Lair:1)
  A hornet (D:9)
  3 komodo dragons
  2 rime drakes (Gauntlet)
  A troll (D:9)
  A ghost (D:7)
  A polar bear (Lair:3)
  6 yaks
  A large abomination (Gauntlet)
  A steam dragon (Lair:2)
  A wraith (D:10)
  A neqoxec (Gauntlet)
  8 water moccasins
  An ice beast (D:6)
  A sky beast (D:10)
  An orc warrior (D:6)
  A necrophage (D:11)
  2 ogres
  3 phantoms (D:6)
  4 centaurs
  A lemure (D:3)
  2 big kobolds
  14 bullfrogs
  A wight (D:10)
  8 howler monkeys
  A quasit (D:7)
  5 small abominations (Gauntlet)
  A centaur zombie (D:7)
  2 gnoll shamans
  6 hounds
  A jelly (D:8)
  A centaur skeleton (D:5)
  5 iguanas
  3 orc wizards
  4 hell rats (Lair:2)
  5 worker ants
  A hound zombie (D:9)
  6 gnolls
  A howler monkey skeleton (D:7)
  4 river rats
  10 adders
  3 shadow imps
  A white imp (D:6)
  An ufetubus (D:9)
  An ooze (D:4)
  2 adder skeletons
  2 adder zombies
  3 worms
  2 dart slugs
  5 leopard geckos
  15 orcs
  5 bats
  9 giant cockroaches
  2 gnoll zombies (D:5)
  10 goblins
  7 hobgoblins
  20 jackals
  12 kobolds
  9 quokkas
  3 ball pythons (D:3)
  4 frilled lizards
  A leopard gecko zombie (D:5)
  2 quokka skeletons (D:5)
  2 quokka zombies
  16 rats
281 creatures vanquished.

Vanquished Creatures (collateral kills)
  An ugly thing (D:11)
  2 elephants (Lair:2)
  A cane toad (Lair:1)
  Psyche (D:11)
  A rime drake (Lair:2)
  A komodo dragon (Lair:1)
  2 yaks (Lair:2)
  A wraith (D:10)
  Eustachio (D:4)
  A steam dragon (D:10)
  A water moccasin (D:9)
  A sky beast (D:5)
  An ice beast (D:8)
  An ogre (D:6)
  A big kobold (D:10)
  A bullfrog (Lair:2)
  2 small abominations (Gauntlet)
  A wight (D:11)
  An iguana (D:11)
  A gnoll (D:6)
  5 orcs
  A ball python (D:6)
  2 kobolds (D:10)
31 creatures vanquished.

Vanquished Creatures (others)
  4 demonic plants (Gauntlet)
  16 fungi
  24 plants
44 creatures vanquished.

Grand Total: 356 creatures vanquished

Notes
Turn   | Place    | Note
-------+----------+-------------------------------------------
     0 | D:5      | lessens the Demonspawn Delver began the quest for the Orb.
     0 | D:5      | Reached XP level 1. HP: 18/18 MP: 1/1
    64 | D:5      | Found Fugeinir's Armour Shop.
    73 | D:5      | Reached skill level 2 in Polearms
   211 | D:5      | Found a staircase to the Ecumenical Temple.
   220 | Temple   | Entered the Ecumenical Temple
   668 | Temple   | Became a worshipper of Makhleb the Destroyer
   805 | D:4      | Noticed Eustachio
   805 | D:4      | Noticed an ogre
   806 | D:4      | Noticed a crimson imp
   806 | D:4      | Noticed an iron imp
   838 | D:5      | Noticed a worker ant
   929 | D:5      | Noticed a sky beast
   992 | D:5      | Noticed an iguana
  1066 | D:5      | Gained mutation: You are partially covered in icy blue
                  | scales. (AC +2) [demonic ancestry]
  1066 | D:5      | Reached XP level 2. HP: 22/24 MP: 2/2
  1465 | D:5      | Reached skill level 3 in Polearms
  1465 | D:5      | Reached XP level 3. HP: 11/29 MP: 3/3
  1730 | D:5      | Reached skill level 4 in Polearms
  1730 | D:5      | Gained mutation: You have a pair of small antennae on your
                  | head. [demonic ancestry]
  1730 | D:5      | Reached XP level 4. HP: 29/35 MP: 4/4
  1734 | D:5      | Found a white marble altar of Elyvilon.
  1844 | D:4      | Noticed a lemure
  1845 | D:4      | Noticed a lemure
  1846 | D:4      | Noticed Pikel
  1846 | D:4      | Noticed a lemure
  2011 | D:3      | Found a glowing drain.
  2019 | Sewer    | Entered a sewer
  2029 | Sewer    | Reached * piety under Makhleb
  2131 | Sewer    | Noticed a big kobold
  2157 | Sewer    | Killed a big kobold
  2157 | Sewer    | Reached skill level 5 in Polearms
  2157 | Sewer    | Gained mutation: You have a pair of antennae on your head.
                  | [demonic ancestry]
  2157 | Sewer    | Reached XP level 5. HP: 19/41 MP: 5/5
  2404 | Sewer    | Found a white marble altar of Elyvilon.
  3063 | D:1      | Reached ** piety under Makhleb
  3921 | D:2      | Reached skill level 6 in Polearms
  3921 | D:2      | Gained mutation: A weak demonic guardian rushes to your
                  | aid. [demonic ancestry]
  3921 | D:2      | Reached XP level 6. HP: 26/47 MP: 6/6
  4671 | D:3      | Found a white marble altar of Elyvilon.
  5096 | D:3      | Killed Pikel
  5096 | D:3      | Reached skill level 7 in Polearms
  5096 | D:3      | Reached XP level 7. HP: 41/52 MP: 7/7
  5684 | D:4      | Killed Eustachio
  5684 | D:4      | Reached skill level 8 in Polearms
  6005 | D:4      | Found a broken altar of Ashenzari.
  6118 | D:5      | Found a sacrificial altar of Ru.
  6118 | D:5      | Found an opulent altar of Gozag.
  6254 | D:4      | Reached *** piety under Makhleb
  6589 | D:5      | Found a hide-covered altar of Uskayaw.
  6643 | D:5      | Found a basalt altar of Yredelemnul.
  7019 | D:5      | Found an iron altar of Okawaru.
  7019 | D:5      | Found a glowing silver altar of Zin.
  7029 | D:5      | Reached XP level 8. HP: 52/58 MP: 8/8
  7104 | D:6      | Upgraded the game from 0.26-a0-651-gb41185065b to
                  | 0.26-a0-660-gc07710193c
  7162 | D:6      | Got a brightly glowing leather armour
  7173 | D:6      | Identified the +1 leather armour of the Falcon {Str+2 SInv}
                  | (You found it on level 6 of the Dungeon)
  7189 | D:6      | Reached skill level 9 in Polearms
  7633 | D:6      | Found a sparkling altar of Nemelex Xobeh.
  7660 | D:6      | Found a shadowy altar of Dithmenos.
  7701 | D:6      | Identified the Handbook of the Cooper
  7817 | D:6      | Got a translucent bronze ring
  7818 | D:6      | Identified the ring "Fibadduwk" {Wiz *Slow Int+4} (You
                  | found it on level 6 of the Dungeon)
  7904 | D:6      | Reached skill level 10 in Polearms
  8915 | D:6      | Reached skill level 1 in Invocations
  9140 | D:7      | Gained mutation: You are mostly covered in icy blue scales.
                  | (AC +3) [demonic ancestry]
  9140 | D:7      | Reached XP level 9. HP: 62/63 MP: 10/10
  9210 | D:7      | Reached skill level 11 in Polearms
  9409 | D:7      | Reached **** piety under Makhleb
 10098 | D:8      | Noticed a two-headed ogre
 10114 | D:8      | Killed a two-headed ogre
 11047 | D:9      | Reached skill level 12 in Polearms
 11192 | D:9      | Gained mutation: You have a pair of large antennae on your
                  | head. (SInv) [demonic ancestry]
 11192 | D:9      | Reached XP level 10. HP: 63/73 MP: 12/12
 11626 | D:9      | Found an iron altar of Okawaru.
 12071 | D:10     | Entered Level 10 of the Dungeon
 12135 | D:10     | Paralysed by a hornet for 1 turns
 12138 | D:10     | Noticed a two-headed ogre
 12138 | D:10     | Noticed Maurice
 12403 | D:10     | Killed Maurice
 12403 | D:10     | Reached skill level 5 in Fighting
 12943 | D:10     | Found Loeguufi's Jewellery Boutique.
 13084 | D:10     | Killed a two-headed ogre
 13553 | D:10     | Found a staircase to the Lair.
 13765 | D:11     | Reached skill level 13 in Polearms
 13789 | D:11     | Noticed a white ugly thing
 13807 | D:11     | Noticed a four-headed hydra
 13846 | D:11     | Noticed a brown ugly thing
 14118 | D:11     | Noticed Sonja
 14164 | D:11     | Noticed Psyche
 14169 | D:11     | Killed Psyche
 14184 | D:11     | Killed a brown ugly thing
 14228 | D:11     | Reached ***** piety under Makhleb
 14424 | Lair:1   | Entered Level 1 of the Lair of Beasts
 14424 | Lair:1   | Noticed a black mamba
 14474 | Lair:1   | Killed a black mamba
 14474 | Lair:1   | Reached XP level 11. HP: 55/82 MP: 12/14
 15226 | Lair:1   | Reached skill level 5 in Invocations
 16257 | Lair:2   | Reached skill level 14 in Polearms
 16277 | Lair:2   | Noticed an eight-headed hydra
 16315 | Lair:2   | Killed an eight-headed hydra
 17566 | Lair:2   | Gained mutation: Your flesh is heat resistant. (rF+)
                  | [demonic ancestry]
 17566 | Lair:2   | Reached XP level 12. HP: 55/89 MP: 18/18
 17906 | Lair:3   | Found a staircase to the Swamp.
 18065 | Lair:3   | Found a gate leading to a gauntlet.
 18084 | Gauntlet | Entered a Gauntlet
 18084 | Gauntlet | Found a transporter.
 18084 | Gauntlet | Found a transporter.
 18251 | Gauntlet | Found a transporter.
 18251 | Gauntlet | Found a transporter.
 18251 | Gauntlet | Found a transporter.
 18265 | Gauntlet | Found a runed translucent door.
 18282 | Gauntlet | Found a transporter.
 18286 | Gauntlet | Found a transporter.
 18290 | Gauntlet | Found a transporter.
 18306 | Gauntlet | Found a transporter.
 18320 | Gauntlet | Found a transporter.
 18324 | Gauntlet | Found a transporter.
 18326 | Gauntlet | Found a runed translucent door.
 18328 | Gauntlet | Found a runed translucent door.
 18336 | Gauntlet | Found a transporter.
 18482 | Gauntlet | Reached skill level 15 in Polearms
 18789 | Gauntlet | Got a faintly glowing granite ring
 18793 | Gauntlet | Identified the ring "Fonk" {rPois rF+ Stlth+} (You found it
                  | in a Gauntlet)
 18798 | Gauntlet | Gained mutation: You are clumsy. (Dex -2) [a neqoxec]
 18800 | Gauntlet | Got a heavily runed cloak
 18828 | Gauntlet | Identified the cursed +0 cloak of the Original Sin {*Drain
                  | +Inv Str+9} (You found it in a Gauntlet)
 18940 | Gauntlet | Noticed a minotaur
 18957 | Gauntlet | Hit by a javelin thrown by a minotaur

Illustrated notes

Levels and vault maps discovered:
D:1:      minmay_arrival_up_and_down, layout_basic, minmay_ruptured
D:2:      layout_loops_ring, chequers_hall_statues_corner_a
D:3:      layout_loops_ring, old_standard_altar, portal_sewer_entry_e,
          serial_glass, glass_columns_b, glass_columns_a
D:4:      layout_rooms, kennysheep_little_box, uniq_eustachio, uniq_pikel
D:5:      layout_basic, grunt_temple_overflow_open, kennysheep_mini,
          chequers_temple_overflow_statue_of_worship,
          lemuel_zombie_altar_yredelemnul, minmay_temple_entry_glassed_door,
          serial_shops, shop_coins, lemuel_statue_altar
D:6:      layout_cave_pods, old_standard_altar, marbit_many_paths
D:7:      layout_rooms
D:8:      layout_loops_ring
D:9:      layout_irregular_city, kennysheep_okawaru_gauntlet
D:10:     layout_small_grid, lair_entry_dummy, serial_shops,
          nicolae_shop_window_shopping, uniq_maurice
D:11:     layout_irregular_city, david_orc_3, ashenzari_altar_1, uniq_psyche,
          uniq_erica, uniq_sonja
Temple:   hc_temple_tempest_star
Lair:1:   layout_roguey, grunt_megastairs_5, lemuel_fruit_fields,
          infiniplex_staircase_pool_2, serial_bayou_shore_a
Lair:2:   layout_chaotic_city, cheibrodos_lair_caveside_slide
Lair:3:   regret_index_wax_grids, layout_chaotic_city, minmay_swamp_entry_eels,
          gauntlet_entry_generic, uniq_nergalle
Gauntlet: minmay_gauntlet_77_indecision
          [minmay_gauntlet_arena_77_radiant_squares,
          minmay_gauntlet_arena_77_path, minmay_gauntlet_arena_77_cramped,
          minmay_gauntlet_arena_77_two_lines,
          minmay_gauntlet_arena_77_terracotta_army,
          minmay_gauntlet_arena_77_museum, gauntlet_exit_hidden_loot]

Skill      XL: |  1  2  3  4  5  6  7  8  9 10 11 12 |
---------------+-------------------------------------+-----
Polearms       | 2 3 4 5 6 7 8 10 12 13 14 15 | 15.2
Invocations    | 1 3 4 8 9 |  9.6
Armour         | 2 4 |  4.9
Fighting       | 4 6 |  6.3
Dodging        | |  1.7
Stealth        | |  4.5

Action                   |  1- 3 |  4- 6 |  7- 9 | 10-12 || total
-------------------------+-------+-------+-------+-------++-------
Melee: Spear             |    63 |       |       |       ||    63
       Trident           |    10 |   311 |   248 |    31 ||   600
       Halberd           |       |       |   245 |   653 ||   898
Throw: Dart              |       |       |    27 |    49 ||    76
       Stone             |       |       |     7 |       ||     7
Invok: Major Destruction |       |       |       |     5 ||     5
 Abil: Evoke Invisibilit |       |       |       |     1 ||     1
Evoke: Wand              |       |       |       |    21 ||    21
  Use: Potion            |       |     8 |       |     9 ||    17
       Scroll            |       |     9 |     3 |     9 ||    21
 Stab: Sleeping          |     3 |    33 |    13 |     3 ||    52
       Distracted        |       |     1 |     3 |    12 ||    16
       Paralysed         |       |       |       |     3 ||     3
Armor: Leather armour    |    13 |    54 |   106 |    74 ||   247
       Skin              |       |    20 |       |    14 ||    34
       Ring mail         |       |       |       |   117 ||   117
Dodge: Dodged            |    34 |   164 |   231 |   263 ||   692
Block: Other             |       |       |       |    56 ||    56
       Reflection        |       |       |       |     3 ||     3

Table legend: (Time is in decaauts)
 A = Elapsed time spent in this place.
 B = Non-inter-level travel time spent in this place.
 C = Inter-level travel time spent in this place.
 D = Time resting spent in this place.
 E = Time spent auto-exploring this place.
 F = Levels seen in this place.
 G = Mean time per level.
                   A        B        C        D        E       F      G
               +--------+--------+--------+--------+--------+-----+--------+
         Total |  18826 |  18297 |    529 |   4815 |   9553 |  17 | 1107.4 |
       Dungeon |  13442 |  13006 |    436 |   2895 |   7284 |  11 | 1222.0 |
        Temple |    463 |    412 |     51 |      0 |    411 |   1 |  463.0 |
          Lair |   3613 |   3572 |     41 |   1226 |   1659 |   3 | 1204.3 |
         Sewer |    473 |    473 |      0 |    201 |    199 |   1 |  473.0 |
      Gauntlet |    833 |    833 |      0 |    493 |      0 |   1 |  833.0 |
               +--------+--------+--------+--------+--------+-----+--------+

Top non-repeatable levels by time:
     D:5: 2331 daAuts
  Lair:2: 2144 daAuts
     D:6: 1520 daAuts
     D:9: 1440 daAuts
     D:4: 1422 daAuts
    D:10: 1406 daAuts
  Lair:1: 1294 daAuts
     D:8: 1244 daAuts
     D:2: 1036 daAuts
     D:1: 948 daAuts
Gauntlet: 833 daAuts
     D:3: 812 daAuts
     D:7: 742 daAuts
    D:11: 536 daAuts
   Sewer: 473 daAuts
